 Dungeon Crawl Stone Soup version 0.30.0-13-g156ef70053 (webtiles) character file.

Game seed: 17165676823301530835

606 unlimited1921 the Magician (level 7, -4/46 HPs)
             Began as a Djinni Fire Elementalist on May 18, 2023.
             Shot with an arrow by a centaur (12 damage)
             ... on level 5 of the Dungeon.
             The game lasted 00:20:55 (6069 turns).

unlimited1921 the Magician (DjFE)                   Turns: 6069, Time: 00:20:56

Health: -4/46      AC:  3    Str:  7    XL:     7   Next: 71%
Gold:   255        EV: 12    Int: 19    God:
                   SH:  0    Dex: 13

rFire   + + .        E - +1 hand axe (vamp)
rCold   x . .        (no shield)
rNeg    . . .        a - +0 robe
rPois   ∞            (no helmet)
rElec   .            (no cloak)
rCorr   .            w - +0 pair of gloves
SInv    .            (boots unavailable)
Will    .....        (no amulet)
Stlth   ++           (no ring)
HPRegen 0.27/turn    (no ring)
MPRegen 0.00/turn

%: infuse magic (-5 HP)
@: flying
A: sickness immunity, fire resistance 2, cold vulnerability 1, float, innate
caster, HP casting, extra vitality 1
a: no special abilities


You were on level 5 of the Dungeon.
You visited 1 branch of the dungeon, and saw 5 of its levels.
You also visited: Sewer.

You collected 255 gold pieces.

Inventory:

Hand Weapons
 r - a +0 dagger of venom
 E - a +1 vampiric hand axe (weapon)
Missiles
 g - 3 atropa-tipped darts
 s - 15 poisoned darts
 t - 2 curare-tipped darts
 C - 3 boomerangs of dispersal
Armour
 a - a +0 robe (worn)
 i - a +0 leather armour
 w - a +0 pair of gloves (worn)
Scrolls
 c - 3 scrolls of teleportation
 e - a scroll of vulnerability {unknown}
 f - 2 scrolls of poison {unknown}
 j - a scroll of enchant armour {unknown}
 k - a scroll of identify
 o - a scroll of enchant weapon
 A - a scroll of silence
Potions
 b - a potion of curing {unknown}
 d - 3 potions of heal wounds {unknown}
 h - a potion of lignification {unknown}
 m - 2 potions of brilliance {unknown}
 n - 2 potions of invisibility {unknown}
 p - a potion of might {unknown}
 q - a potion of magic {unknown}
 u - 2 potions of cancellation {unknown}
 v - a potion of haste {unknown}
 x - 2 potions of flight {unknown}
 z - a potion of attraction {unknown}
 B - a potion of ambrosia {unknown}


   Skills:
 + Level 0.4 Fighting
 + Level 2.5 Dodging
 + Level 2.7 Stealth
 + Level 0.2 Unarmed Combat
 + Level 6.0 Spellcasting


You knew the following spells:

 Your Spells              Type           Power      Damage    Failure   Level
a - Foxfire               Conj/Fire      100%       2x1d9     1%          1
b - Scorch                Fire           56%        2d7       1%          2
c - Volatile Blastmotes   Fire/Tloc      56%        2d14      2%          3
d - Inner Flame           Hex/Fire       28%        N/A       2%          3
e - Flame Wave            Conj/Fire      28%        2d9       10%         4
f - Sting                 Tmut/Pois      100%       1d8       1%          1
g - Call Imp              Summ           56%        N/A       1%          2
h - Passwall              Tmut/Erth      23%        N/A       1%          2
Your spell library was empty.

Dungeon Overview and Level Annotations

Branches:
Dungeon (5/15)             Temple (0/1) D:5           Sewer (visited)

Altars:
Cheibriados
Dithmenos
Xom
Zin
The Shining One


Innate Abilities, Weirdness & Mutations

You are immune to sickness and miasma.
You are immune to poison.
Your flesh is very heat resistant. (rF++)
You are vulnerable to cold. (rC-)
You float through the air rather than walking.
You learn spells naturally, not from books.
Your magical power is your life essence.
You have superior vitality. (+4 MHP)


Message History

Confirm with . or Enter, or press ? or * to list all spells.
Okay, then.
Unknown command.
Casting: Volatile Blastmotes (dangerous; 2% risk of failure)
Confirm with . or Enter, or press ? or * to list all spells.
Okay, then.
Unknown command.
Blink to where?
Press: ? - help, Dir - move target, p - centaur
As you read the scroll of blinking, it crumbles to dust.
The centaur closely misses your cerulean imp.
The centaur completely misses your cerulean imp.
Your cerulean imp hits the yak but does no damage.
The cloud of blastmotes explodes!
The concussive blast engulfs the yak!
Flame seeps out of the yak.
The yak is severely wounded.
The cloud of blastmotes explodes!
The concussive blast engulfs the yak!
Flame seeps out of the yak.
The yak is almost dead.
Casting: Volatile Blastmotes (dangerous; 2% risk of failure)
Confirm with . or Enter, or press ? or * to list all spells.
Okay, then.
Casting: Volatile Blastmotes (dangerous; 2% risk of failure)
Confirm with . or Enter, or press ? or * to list all spells.
Okay, then.
Unknown command.
Casting: Volatile Blastmotes (dangerous; 2% risk of failure)
Confirm with . or Enter, or press ? or * to list all spells.
Aiming: Passwall (safe; 1% risk of failure)
Press: ? - help, Dir - move target A rock wall.
This rock feels extremely deep.
* * * LOW HITPOINT WARNING * * *
The centaur misses your cerulean imp. x2
Your cerulean imp hits the yak from afar with a -2 spear.
Flame seeps out of the yak.
The yak is engulfed in blazing flames.
The yak explodes!
The tree burns like a torch!
The centaur wields a +0 shortbow.
The centaur shoots an arrow.
The arrow hits you!
You die...

#..###...###....
#....#.⌠.#......
#....#...#......
#...............
#.............# ♣
###.####...######
..#♣♣♣♣♣♣♣#.w.#
###..#
.....5§§§.'.###
##.######
....c°.○§.'@#
#.##....
..#♣♣♣§§§♣###
#....... ♣ ♣♣
###..... #.....
#..... ##..###
###...##
###...#..##
........)..


You could see a centaur (inner flame), a worm and a friendly cerulean imp
(summoned).

Vanquished Creatures
  A yak (D:5)
  An ogre (D:5)
  2 kobold brigands (Sewer)
  A howler monkey (D:4)
  2 orc priests (D:4)
  A sleepcap (D:5)
  An iguana (D:5)
  An orc wizard (D:4)
  A gnoll (D:1)
  6 adders
  A river rat (Sewer)
  2 ufetubi (D:5)
  2 worms (D:3)
  A dart slug (D:3)
  9 orcs
  9 endoplasms
  3 giant cockroaches
  4 goblins
  6 hobgoblins
  9 jackals
  24 kobolds
  3 quokkas
  14 ball pythons
  4 bats
  9 frilled lizards
  17 rats
134 creatures vanquished.

Vanquished Creatures (others)
  238 foxfires
238 creatures vanquished.

Grand Total: 372 creatures vanquished

Notes
Turn   | Place    | Note
-------+----------+-------------------------------------------
     0 | D:1      | unlimited1921 the Djinni Fire Elementalist began the quest
                  | for the Orb.
     0 | D:1      | unlimited1921 set off with the following spells memorised:
                  | Foxfire, Scorch, Volatile Blastmotes, Inner Flame, Flame
                  | Wave.
     0 | D:1      | Reached XP level 1. HP: 15/15 MP: 0/0
   295 | D:1      | Reached XP level 2. HP: 16/21 MP: 0/0
  1025 | D:1      | Reached skill level 3 in Spellcasting
  1025 | D:1      | Reached XP level 3. HP: 11/25 MP: 0/0
  1025 | D:1      | Learned a level 1 spell: Sting
  1913 | D:2      | Reached XP level 4. HP: 5/31 MP: 0/0
  2520 | D:2      | Found a shadowy altar of Dithmenos.
  2726 | D:3      | Found a glowing drain.
  2739 | Sewer    | Entered a sewer
  2840 | Sewer    | Reached XP level 5. HP: 31/36 MP: 0/0
  2840 | Sewer    | Learned a level 2 spell: Call Imp
  3321 | Sewer    | Reached skill level 4 in Spellcasting
  3761 | Sewer    | Noticed a kobold brigand
  3771 | Sewer    | Killed a kobold brigand
  3772 | Sewer    | Reached XP level 6. HP: 16/41 MP: 0/0
  4416 | D:3      | Found a shimmering altar of Xom.
  4417 | D:3      | Found a snail-covered altar of Cheibriados.
  4418 | D:3      | Found a glowing silver altar of Zin.
  4607 | D:3      | Reached skill level 5 in Spellcasting
  5259 | D:4      | Reached XP level 7. HP: 43/46 MP: 0/0
  5259 | D:4      | Learned a level 2 spell: Passwall
  5850 | D:5      | Entered Level 5 of the Dungeon
  5905 | D:5      | Found a glowing golden altar of the Shining One.
  5928 | D:5      | Reached skill level 6 in Spellcasting
  6044 | D:5      | Found a staircase to the Ecumenical Temple.
  6062 | D:5      | Noticed a yak
  6069 | D:5      | Killed a yak
  6069 | D:5      | Shot with an arrow by a centaur

Illustrated notes

Levels and vault maps discovered:
D:1:      nicolae_arrival_somewhat_less_tricky_arrival, layout_loops_corners
D:2:      layout_loops_ring, basic_altar
D:3:      layout_rooms, chequers_temple_overflow_statue_of_worship,
          cheibrodos_sewer_entry_drain, hangedman_decor_clover_reticule,
          fountainhead, kennysheep_pointless_box, minmay_misc_feat_ornament
D:4:      layout_basic
D:5:      kennysheep_big_flooded_room, layout_basic, lemuel_tele_altar,
          minmay_temple_entry_junction_2, st_stairs_13, minmay_misc_feat_roman,
          nrook_campfire, dilly_guarded_unrand_devastator

Skill      XL: |  1  2  3  4  5  6  7 |
---------------+----------------------+-----
Spellcasting   | 3 4 5 6 |  6.0
Stealth        | 2 |  2.7
Fighting       | |  0.4
Dodging        | |  2.5
Unarmed Combat | |  0.2

Action                     |  1- 3 |  4- 6 |  7- 9 || total
---------------------------+-------+-------+-------++-------
  Melee: Unarmed           |     1 |     3 |       ||     4
   Cast: Foxfire           |    36 |    87 |    21 ||   144
         Scorch            |    21 |    41 |    15 ||    77
         Sting             |     4 |       |       ||     4
         Inner Flame       |       |    11 |     6 ||    17
         Volatile Blastmot |       |     4 |     2 ||     6
         Call Imp          |       |     2 |     1 ||     3
         Passwall          |       |       |     1 ||     1
    Use: Scroll            |       |     1 |     7 ||     8
 Armour: Robe              |     1 |     3 |     1 ||     5
  Dodge: Dodged            |    16 |     8 |     1 ||    25
